 Dungeon Crawl Stone Soup version 0.26.1-16-g4e020e15dc (webtiles) character file.

Game seed: 7970734614762802677

25928 peterlawrence the Severer (level 12, -2/110 (117) HPs)
             Began as a Minotaur Fighter on Apr 12, 2024.
             Was the Champion of Okawaru.
             Killed from afar by a bog body (15 damage)
             ... with a bolt of cold
             ... on level 3 of the Lair of Beasts.
             The game lasted 00:20:23 (15595 turns).

peterlawrence the Severer (Minotaur Fighter)       Turns: 15595, Time: 00:20:23

HP:   -2/110 (117)  AC: 37    Str: 23    XL:     12   Next: 93%
MP:   17/17         EV:  5    Int:  5    God:    Okawaru [******]
Gold: 1231          SH: 11    Dex: 13    Spells: 11/11 levels left

rFire    + . .     SeeInvis .   y - +3 broad axe (flame)
rCold    . . .     Faith    .   c - +1 kite shield
rNeg     . . .     Spirit   .   B - +27 Lear's hauberk
rPois    .         Reflect  .   (helmet currently unavailable)
rElec    .         Harm     .   a - +0 cloak
rCorr    .         Rampage  .   (gloves currently unavailable)
Will     .....                  (boots currently unavailable)
Stlth    ..........             r - amulet of regeneration
HPRegen  0.68/turn              o - ring of protection from fire
MPRegen  0.15/turn              (no ring)

@: slowed, drained, very slow
A: retaliatory headbutt, horns 2
a: Renounce Religion, Heroism, Finesse


You were on level 3 of the Lair of Beasts.
You worshipped Okawaru.
Okawaru was exalted by your worship.
You visited 2 branches of the dungeon, and saw 14 of its levels.

You collected 1231 gold pieces.

Inventory:

Hand Weapons
 d - a +3 whip of flaming
 s - a +5 broad axe
 y - a +3 broad axe of flaming (weapon)
Armour
 a - a +0 cloak (worn)
 c - a +1 kite shield (worn)
 j - a +0 chain mail
 n - a +2 pair of gloves
 v - the +0 pair of gloves of the Grue {*Drain rF+++ Dex+4 Stlth+}
   (Okawaru gifted it to you on level 10 of the Dungeon)

   It affects your dexterity (+4).
   It renders you almost immune to fire.
   It causes draining when unequipped.
   It makes you more stealthy.
 z - a +2 pair of gloves
 B - the +27 Lear's hauberk (worn)
   (You found it on level 8 of the Dungeon)
 C - a +0 pair of boots
Jewellery
 o - a ring of protection from fire (left hand)
 r - an amulet of regeneration (around neck)
Wands
 b - a wand of polymorph (7)
 k - a wand of paralysis (1)
 q - a wand of flame (25)
 A - a wand of iceblast (7)
 D - a wand of disintegration (42)
Scrolls
 f - 8 scrolls of remove curse
 h - 4 scrolls of fog
 w - 3 scrolls of teleportation
 x - 3 scrolls of blinking
 E - 2 scrolls of magic mapping
 F - 2 scrolls of enchant armour
Potions
 e - 2 potions of cancellation
 g - 4 potions of heal wounds
 i - 3 potions of haste
 l - a potion of magic {unknown}
 m - 3 potions of invisibility
 p - 5 potions of might
 t - 2 potions of mutation
 u - 3 potions of curing


   Skills:
 + Level 14.2 Fighting
 - Level 15.1(16.5) Axes
 - Level 11.8(14.9) Maces & Flails
 - Level 3.9 Armour
 - Level 4.2 Shields
 - Level 8.0 Invocations


You had 11 spell levels left.
You didn't know any spells.
Your spell library contained the following spells:

 Spells                   Type           Power        Failure   Level
 Magic Dart               Conj           0%           100%        1
 Shock                    Conj/Air       0%           100%        1
 Summon Small Mammal      Summ           0%           100%        1
 Blink                    Tloc           N/A          100%        2
 Call Imp                 Summ           0%           100%        2
 Searing Ray              Conj           0%           100%        2
 Slow                     Hex            0%           100%        2
 Swiftness                Air            0%           100%        2
 Call Canine Familiar     Summ           0%           100%        3
 Conjure Flame            Conj/Fire      0%           100%        3
 Dazzling Flash           Conj/Hex       0%           100%        3
 Mephitic Cloud           Conj/Pois/Air  0%           100%        3
 Static Discharge         Conj/Air       0%           100%        3
 Summon Guardian Golem    Hex/Summ       0%           100%        3
 Airstrike                Air            0%           100%        4
 Fulminant Prism          Conj/Hex       0%           100%        4
 Iskenderun's Mystic Bla  Conj/Tloc      0%           100%        4
 Summon Ice Beast         Ice/Summ       0%           100%        4
 Summon Lightning Spire   Summ/Air       0%           100%        4
 Lightning Bolt           Conj/Air       0%           100%        5
 Summon Mana Viper        Hex/Summ       0%           100%        5
 Conjure Ball Lightning   Conj/Air       0%           100%        6
 Freezing Cloud           Conj/Ice/Air   0%           100%        6
 Discord                  Hex            0%           100%        8
 Ignition                 Fire           0%           100%        8
 Shatter                  Erth           0%           100%        9
 Tornado                  Air            0%           100%        9


Dungeon Overview and Level Annotations

Branches:
Dungeon (11/15)            Temple (0/1) D:5            Lair (3/6) D:11
 Spider (0/4) Lair:2          Orc (0/2) D:9
  Swamp: Lair:2-4    Shoals: Lair:2-4

Altars:
Ashenzari
Cheibriados
Elyvilon
Fedhas
Gozag
Kikubaaqudgha
Makhleb
Okawaru
Trog
Uskayaw
Vehumet
Wu Jian
Xom
Yredelemnul
Zin

Shops:
D:4 *

Annotations:
D:4 exclusion: oklob plant
D:11 exclusion: oklob plant
Lair:2 exclusion: oklob plant


Innate Abilities, Weirdness & Mutations

You reflexively headbutt those who attack you in melee.
You have a pair of horns on your head.


Message History

You are too injured to fight recklessly!
Unknown command.
You are too injured to fight recklessly!
Unknown command.
You are too injured to fight recklessly!
Unknown command.
You are too injured to fight recklessly!
Unknown command.
You are too injured to fight recklessly!
You hit the bog body.
The bog body is heavily damaged.
The bog body touches you!
* * * LOW HITPOINT WARNING * * *
The bog body freezes you!!
* * * LOW HITPOINT WARNING * * *
You barely miss the bog body.
The bog body is heavily damaged.
The bog body casts a spell at you. The bolt of cold hits you!
You die...

# ##..####.## #..#.#
##.# ##..## #.. ###
#..## ##. ##.###...#
## #.......## ##.
##.......######..
##...###...#.##...
#@.#.# #P.....)#.#
#.n...## #P....P###.
....#...# #....###
## ...........#
#....## #
...≈≈§......###..#.#
#.≈♣§♣§§.#...##...##
#.§§
§§§..#.......### #
..≈≈
♣§..##...††...P## #
###..†....P###


You could see a bog body.

Vanquished Creatures
  The ghost of pgiattino the Fighter, a journeyman DsWz of Gozag (D:10)
  2 hydras
  A boulder beetle (Lair:2)
  A centaur warrior (D:8)
  2 slime creatures (D:10)
  An unseen horror (D:10)
  The ghost of promet the Chopper, a novice HOFi of Nemelex Xobeh (D:5)
  A wizard (D:10)
  Pikel (D:4)
  A wolf spider (Lair:2)
  A deep elf mage (D:11)
  An oklob plant (Lair:1)
  An ugly thing (D:11)
  Joseph (D:8)
  A centaur skeleton (D:11)
  3 black mambas
  A cane toad (Lair:2)
  Maggie (D:6)
  3 komodo dragons
  A merfolk (D:9)
  A troll (D:8)
  A hornet (D:10)
  Grinder (D:3)
  3 blink frogs (Lair:1)
  2 shadows
  Grum (D:9)
  Eustachio (D:6)
  35 yaks
  4 basilisks
  A warg (D:9)
  2 swamp worms (Lair:1)
  A soldier ant (D:8)
  5 water moccasins
  3 sky beasts
  A black bear (D:11)
  An eye of draining (D:8)
  2 ice beasts (D:10)
  A black bear (shapeshifter) (D:8)
  12 ogres
  8 orc warriors
  2 phantoms
  2 wolves (D:9)
  3 centaurs
  2 big kobolds
  21 bullfrogs
  A water moccasin skeleton (D:7)
  8 scorpions
  2 electric eels (D:7)
  A jelly (D:8)
  A quasit (D:7)
  A bullfrog zombie (D:5)
  16 orc priests
  3 bullfrog skeletons
  5 hounds
  3 iguanas
  13 orc wizards
  Natasha (D:2)
  Ijyb (D:3)
  14 worker ants
  A hound zombie (D:5)
  A worker ant zombie (D:5)
  3 gnolls (D:5)
  14 adders
  3 white imps
  2 ufetubi
  3 adder skeletons
  2 adder zombies
  2 dart slugs (D:1)
  6 leopard geckos
  61 orcs
  21 bats
  5 giant cockroaches
  8 hobgoblins
  3 quokkas
  3 ball pythons (D:2)
  2 frilled lizards
  11 goblins
  A jackal skeleton (D:8)
  13 kobolds
  5 rats
382 creatures vanquished.

Vanquished Creatures (others)
  6 fungi
  28 plants
  2 withered plants (D:9)
36 creatures vanquished.

Grand Total: 418 creatures vanquished

Notes
Turn   | Place    | Note
-------+----------+-------------------------------------------
     0 | D:1      | peterlawrence the Minotaur Fighter began the quest for the
                  | Orb.
     0 | D:1      | Reached XP level 1. HP: 19/19 MP: 0/0
   218 | D:1      | Reached XP level 2. HP: 26/27 MP: 1/1
   965 | D:2      | Reached XP level 3. HP: 31/33 MP: 2/2
  1219 | D:2      | Found a shimmering altar of Xom.
  1567 | D:2      | Noticed Natasha
  1573 | D:2      | Killed Natasha
  1574 | D:2      | Reached XP level 4. HP: 36/40 MP: 3/3
  1581 | D:2      | Found a broken altar of Ashenzari.
  1582 | D:2      | You fall into a shaft and drop 2 floors!
  1930 | D:3      | Noticed Grinder
  1940 | D:3      | Paralysed by Grinder for 5 turns
  1952 | D:3      | Killed Grinder
  1953 | D:3      | Reached XP level 5. HP: 33/46 MP: 4/4
  1953 | D:3      | Reached XP level 6. HP: 38/52 MP: 5/5
  2126 | D:3      | Noticed Ijyb
  2147 | D:3      | Killed Ijyb
  2570 | D:4      | Found Gozag's Platinum Reserve.
  2582 | D:4      | Found an opulent altar of Gozag.
  2585 | D:4      | Noticed Pikel
  2605 | D:4      | Killed Pikel
  2606 | D:4      | Reached skill level 10 in Maces & Flails
  2606 | D:4      | Reached XP level 7. HP: 53/59 MP: 6/6
  2866 | D:4      | Found a blossoming altar of Fedhas.
  2881 | D:4      | Noticed an oklob plant
  3286 | D:4      | Reached XP level 8. HP: 56/66 MP: 7/7
  3380 | D:4      | Found an iron altar of Okawaru.
  3425 | D:4      | Found a blossoming altar of Fedhas.
  3484 | D:4      | Became a worshipper of Warmaster Okawaru
  3508 | D:4      | Found a snail-covered altar of Cheibriados.
  3508 | D:4      | Found an ancient bone altar of Kikubaaqudgha.
  3943 | D:5      | Entered Level 5 of the Dungeon
  4066 | D:5      | Found a radiant altar of Vehumet.
  4076 | D:5      | Found a glowing silver altar of Zin.
  4146 | D:5      | Reached skill level 1 in Invocations
  4213 | D:5      | Found a runed translucent door.
  4234 | D:5      | Noticed promet's ghost (novice HOFi)
  4267 | D:5      | Killed promet's ghost
  4267 | D:5      | Reached * piety under Okawaru
  4268 | D:5      | Reached skill level 5 in Invocations
  4533 | D:5      | Found a staircase to the Ecumenical Temple.
  5092 | D:6      | Reached XP level 9. HP: 65/73 MP: 11/11
  5135 | D:6      | Noticed Eustachio
  5171 | D:6      | Killed Eustachio
  5171 | D:6      | Reached ** piety under Okawaru
  5172 | D:6      | Reached skill level 5 in Fighting
  5218 | D:6      | Noticed Maggie
  5234 | D:6      | Killed Maggie
  5314 | D:6      | Reached skill level 2 in Axes
  5580 | D:7      | Found a white marble altar of Elyvilon.
  5595 | D:7      | Reached skill level 3 in Axes
  5830 | D:7      | Reached skill level 4 in Axes
  5935 | D:7      | Reached skill level 5 in Axes
  6056 | D:6      | Found a hide-covered altar of Uskayaw.
  6176 | D:7      | Found the +7 Singing Sword {vorpal, sonic wave}
  6193 | D:7      | Reached skill level 6 in Axes
  6480 | D:7      | Found a burning altar of Makhleb.
  6540 | D:7      | Reached *** piety under Okawaru
  7127 | D:8      | Found the +27 Lear's hauberk
  7185 | D:8      | Reached XP level 10. HP: 90/90 MP: 12/12
  7309 | D:8      | Found a hide-covered altar of Uskayaw.
  7587 | D:8      | Noticed Joseph
  7599 | D:8      | Killed Joseph
  8114 | D:8      | Reached skill level 10 in Fighting
  8151 | D:8      | Noticed a centaur warrior
  8155 | D:8      | Found the +9 staff of Olgreb {rPois∞}
  8165 | D:8      | Killed a centaur warrior
  8165 | D:8      | Reached **** piety under Okawaru
  8503 | D:8      | Reached skill level 7 in Axes
  9095 | D:9      | Reached skill level 8 in Axes
  9334 | D:9      | Found a staircase to the Orcish Mines.
  9478 | D:9      | You fall into a shaft and drop 1 floor!
  9478 | D:10     | Entered Level 10 of the Dungeon
  9494 | D:10     | Reached skill level 9 in Axes
  9497 | D:10     | Reached ***** piety under Okawaru
  9861 | D:10     | Noticed a deep elf mage
  9877 | D:10     | Identified Ts'ui Pên's Compendium of Forking Paths
 10030 | D:9      | Noticed Grum
 10043 | D:9      | Reached XP level 11. HP: 80/103 MP: 13/13
 10045 | D:9      | Killed Grum
 10159 | D:9      | Found a basalt altar of Yredelemnul.
 10167 | D:9      | Reached skill level 10 in Axes
 10551 | D:9      | Reached skill level 11 in Axes
 10638 | D:9      | Found a bloodstained altar of Trog.
 10933 | D:10     | Received a gift from Okawaru
 10941 | D:10     | Killed an unseen horror
 10942 | D:10     | Reached skill level 12 in Axes
 11156 | D:10     | Found a runed translucent gate.
 11166 | D:10     | Found a runed translucent gate.
 11166 | D:10     | Found a runed translucent gate.
 11166 | D:10     | Noticed an 11-headed hydra
 11235 | D:10     | Noticed pgiattino's ghost (journeyman DsWz)
 11257 | D:10     | Killed a five-headed hydra
 11295 | D:10     | Killed pgiattino's ghost
 11296 | D:10     | Reached skill level 13 in Axes
 11607 | D:10     | Noticed a wizard
 11617 | D:10     | Killed a wizard
 11700 | D:10     | Noticed a wizard
 11776 | D:10     | Identified the Papyrus of Axaxaxas mlö
 11787 | D:10     | Identified Lorarph's Compendium of Combed Thunderclap
 12046 | D:10     | Received a gift from Okawaru
 12047 | D:10     | Reached skill level 14 in Axes
 12049 | D:10     | Got a pair of slimy gloves {god gift}
 12319 | D:11     | Paralysed by an orc for 5 turns
 12327 | D:11     | Reached XP level 12. HP: 96/110 MP: 11/14
 12761 | D:11     | Reached skill level 15 in Axes
 13081 | D:11     | Found a staircase to the Lair.
 13401 | Lair:1   | Entered Level 1 of the Lair of Beasts
 14589 | Lair:2   | Reached ****** piety under Okawaru
 14630 | Lair:2   | Found an ornate altar of the Wu Jian Council.
 14631 | Lair:2   | Noticed a boulder beetle
 14632 | Lair:2   | Found a hide-covered altar of Uskayaw.
 14653 | Lair:2   | Killed a boulder beetle
 14653 | Lair:2   | Received a gift from Okawaru
 14859 | Lair:2   | Identified the +0 pair of gloves of the Grue {*Drain rF+++
                  | Dex+4 Stlth+} (Okawaru gifted it to you on level 10 of the
                  | Dungeon)
 14883 | Lair:2   | Found a hole to the Spider Nest.
 15493 | Lair:3   | Noticed an eight-headed hydra
 15508 | Lair:3   | Killed a four-headed hydra
 15595 | Lair:3   | Killed from afar by a bog body

Illustrated notes

Levels and vault maps discovered:
D:1:      zaba_arrival_water, layout_basic
D:2:      layout_basic, lemuel_coloured_pillars_altar, xom_teletrap_fun,
          uniq_natasha
D:3:      layout_basic, uniq_grinder, uniq_ijyb
D:4:      layout_loops_corners, kennysheep_mini, general_overflow_altar,
          nicolae_gozag_zags_fifth_avenue, grunt_temple_overflow_open,
          tgw_fedhas, uniq_pikel
D:5:      layout_basic, overflow_temple_1_default,
          minmay_temple_entry_overgrown, basic_altar,
          ebering_ghost_reflecting_pool, chequers_serial_rivers_marsh
D:6:      lemuel_upstairs_altar, layout_cave_pools, uniq_eustachio, uniq_maggie
D:7:      old_forge, layout_loops_cross, nicolae_overflow_crystal_walls,
          elyvilon_altar_4, serial_bayou, serial_bayou_crossing,
          serial_bayou_lagoon_a, serial_bayou_shore_b, serial_bayou_pond_e
D:8:      minmay_the_grid_octo_triangle [minmay_the_grid_octo_fat_diamond,
          minmay_the_grid_octo_prize_square_snowflake,
          minmay_the_grid_octo_fan_narrow], layout_layer_cave,
          eat_drink_and_be_merry_uskayaw, uniq_joseph
D:9:      layout_roguey [special_room_orc], marbit_many_paths,
          yredelemnul_altar_generic, erik_orc_3, hangedman_fish_farm, uniq_grum
D:10:     layout_basic, gammafunk_ghost_hydra_chop, bh_hangedman_babel_library
D:11:     layout_cave_pods, dpeg_oklobed_lair
Lair:1:   layout_regular_city, worms_lemuel, minmay_lair_oklob_chamber,
          lemuel_fruit_fields, infiniplex_staircase_pool_2
Lair:2:   layout_loops_ring, spider_nest_entry_rubble,
          nzn_masters_of_martial_movement
Lair:3:   layout_layer_cave, skrybe_swamp_entry_bodies

Skill      XL: |  1  2  3  4  5  6  7  8  9 10 11 12 |
---------------+-------------------------------------+-----
Shields        | 4 |  4.2
Fighting       | 4 8 11 14 | 14.2
Maces & Flails | 4 7 10 11 | 11.8
Invocations    | 5 8 |  8.0
Axes           | 6 9 14 15 | 15.1
Armour         | |  3.9

Action                   |  1- 3 |  4- 6 |  7- 9 | 10-12 || total
-------------------------+-------+-------+-------+-------++-------
Melee: Flail             |    80 |   104 |       |       ||   184
       Headbutt          |    13 |    14 |    85 |   142 ||   254
       Mace              |     6 |       |       |       ||     6
       Unarmed           |     8 |       |       |       ||     8
       Whip              |       |       |   323 |       ||   323
       Broad axe         |       |       |    31 |   594 ||   625
Invok: Heroism           |       |       |     1 |     3 ||     4
       Finesse           |       |       |       |     1 ||     1
Evoke: Wand              |       |       |     4 |     4 ||     8
  Use: Scroll            |     6 |     2 |     9 |     9 ||    26
       Potion            |       |     2 |       |     5 ||     7
 Stab: Held in net/web   |       |       |     1 |       ||     1
Armor: Scale mail        |    38 |       |       |       ||    38
       Chain mail        |    12 |    57 |   110 |   486 ||   665
Dodge: Dodged            |    32 |    17 |    58 |    98 ||   205
Block: Kite shield       |    47 |    47 |   125 |   281 ||   500
